 Dungeon Crawl Stone Soup version 0.29-a0-664-gff9cad4a3d (webtiles) character file.

Game seed: 12804455130234243267

158 DocClef the Skirmisher (level 5, 0/47 HPs)
             Began as a Formicid Fighter on June 22, 2022.
             Slain by a white imp (3 damage)
             ... summoned by Natasha
             ... on level 3 of the Dungeon.
             The game lasted 00:01:57 (1805 turns).

DocClef the Skirmisher (Formicid Fighter)           Turns: 1805, Time: 00:01:57

Health: 0/47       AC: 11    Str: 22    XL:     5   Next: 67%
Magic:  5/5        EV:  6    Int:  8    God:
Gold:   131        SH:  5    Dex: 13    Spells: 4/4 levels left

rFire   . . .      SeeInvis +   a - +0 war axe
rCold   . . .      Faith    .   c - +0 buckler
rNeg    . . .      Spirit   .   n - +0 plate armour
rPois   .          Reflect  .   (helmet unavailable)
rElec   .          Harm     .   (no cloak)
rCorr   .          Rampage  .   (no gloves)
Will    .....                   (no boots)
Stlth   ..........              i - amulet of the acrobat
HPRegen 0.15/turn               (no ring)
MPRegen 0.09/turn               (no ring)

@: no status effects
A: permanent stasis, dig shafts and tunnels, antennae 3, four strong arms
a: Dig, Shaft Self


You were on level 3 of the Dungeon.
You visited 1 branch of the dungeon, and saw 4 of its levels.

You collected 131 gold pieces.

Inventory:

Hand Weapons
 a - a +0 war axe (weapon)
Missiles
 f - a throwing net
Armour
 b - a +0 scale mail
 c - a +0 buckler (worn)
 n - a +0 plate armour (worn)
Jewellery
 i - an amulet of the acrobat (around neck)
 p - an amulet of faith
Scrolls
 e - a scroll of identify {unknown}
 g - a scroll of enchant armour {unknown}
 h - 4 scrolls of enchant weapon {unknown}
 j - 3 scrolls of blinking {unknown}
 k - a scroll of fear {unknown}
Potions
 d - a potion of might
 l - a potion of curing {unknown}
 m - 2 potions of magic {unknown}
 o - a potion of invisibility {unknown}


   Skills:
 + Level 6.5 Fighting
 - Level 2.0 Axes
 - Level 3.2 Armour
 - Level 4.0 Shields


You had 4 spell levels left.
You didn't know any spells.
Your spell library contained the following spells:

 Spells                   Type           Power      Damage    Failure   Level
 Apportation              Tloc           0%         N/A       100%        1
 Beastly Appendage        Tmut           0%         N/A       100%        1
 Necrotize                Necr           0%         1d4       100%        1
 Summon Small Mammal      Summ           0%         N/A       100%        1
 Wereblood                Tmut           0%         N/A       100%        2
 Spider Form              Tmut/Pois      0%         N/A       100%        3


Dungeon Overview and Level Annotations

Branches:
Dungeon (4/15)
 Temple: D:4-7

Altars:

Shops:
D:3 :

Annotations:
D:3 Natasha, Sigmund


Innate Abilities, Weirdness & Mutations

You cannot be hasted, slowed, berserked, paralysed or teleported.
You can dig through walls and to a lower floor.
You have a pair of large antennae on your head. (SInv)
Your four strong arms can wield two-handed weapons with a shield.


Message History

You are too injured to fight recklessly!
You are too injured to fight recklessly!
You are too injured to fight recklessly!
You are too injured to fight recklessly!
You are too injured to fight recklessly!
You are too injured to fight recklessly!
You are too injured to fight recklessly!
You are too injured to fight recklessly!
You are too injured to fight recklessly!
You are too injured to fight recklessly!
You are too injured to fight recklessly!
You are too injured to fight recklessly!
Unknown command.
You closely miss Natasha.
Natasha is lightly wounded.
You barely miss the white imp. The white imp gestures at you.
The puff of frost hits you.
* * * LOW HITPOINT WARNING * * *
Natasha claws you.
* * * LOW HITPOINT WARNING * * *
The shadow imp shouts, "Quit, thou vain kobold-kissing pimple!"
You miss Natasha.
Natasha is lightly wounded.
You hit the white imp.
The white imp hits you but does no damage.
Natasha claws you.
* * * LOW HITPOINT WARNING * * *
The shadow imp shouts, "Give up, thou errant pigeon-egg baggage!"
The shadow imp hits you but does no damage.
The white imp hits you but does no damage.
Natasha wildly gestures.
Natasha's front paws start to glow.
Natasha claws you but does no damage.
You hit Natasha.
Natasha is heavily wounded.
You slash the shadow imp! You hit the white imp. The white imp hits you.
* * * LOW HITPOINT WARNING * * *
The white imp freezes you.
You die...

...........##.###.# #...
#..........#.##.#####.##
#####.#####.##........#
#####...#######.....##.##
#..........†.............
#.##.....######.........#
#.##....5# #.....#.#..
#.##>..h5# #..........
#.##...5@# ###...#.#..
#.######.########........
#†# #............######
#..?.....###########
........## ..###### ...#
####


You could see Natasha, a white imp (summoned) and 2 shadow imps.

Vanquished Creatures
  A howler monkey (D:3)
  Natasha (D:3)
  5 adders
  3 worms
  A dart slug (D:2)
  2 endoplasms
  8 hobgoblins
  4 quokkas
  3 bats
  5 frilled lizards
  3 goblins
  2 kobolds
  10 rats
48 creatures vanquished.

Vanquished Creatures (others)
  6 plants (D:1)
6 creatures vanquished.

Grand Total: 54 creatures vanquished

Notes
Turn   | Place    | Note
-------+----------+-------------------------------------------
     0 | D:1      | DocClef the Formicid Fighter began the quest for the Orb.
     0 | D:1      | Reached XP level 1. HP: 18/18 MP: 1/1
   302 | D:1      | Reached XP level 2. HP: 25/25 MP: 2/2
   375 | D:1      | Reached skill level 4 in Fighting
   716 | D:2      | Reached XP level 3. HP: 25/31 MP: 3/3
   945 | D:2      | Found a faded altar of an unknown god.
   964 | D:2      | Reached skill level 5 in Fighting
  1009 | D:2      | Reached XP level 4. HP: 39/39 MP: 4/4
  1351 | D:3      | Reached XP level 5. HP: 37/46 MP: 5/5
  1398 | D:3      | Reached skill level 6 in Fighting
  1488 | D:3      | Found Igguisol's Book Shoppe.
  1561 | D:3      | Noticed Natasha
  1570 | D:3      | Killed Natasha
  1580 | D:3      | Noticed Sigmund
  1590 | D:4      | Noticed a black bear
  1798 | D:3      | Noticed Natasha
  1805 | D:3      | Slain by a white imp

Illustrated notes

Levels and vault maps discovered:
D:1:      lightli_arrival_chessboard, layout_basic, kennysheep_boxes
D:2:      layout_loops_ring, hellmonk_ecumenical_altar_arch_garden,
          minmay_pentomino_u2
D:3:      layout_loops_ring, serial_glass, glass_columns_b, glass_columns_a,
          glass_columns_b, glass_columns_c, glass_columns_b, glass_columns_a,
          serial_shops, nicolae_shop_window_shopping, grunt_decor_fettered,
          uniq_sigmund, uniq_natasha
D:4:      layout_basic, nicolae_overflow_hidden_temple,
          kennysheep_generic_room_9, uniq_blork_the_orc

Skill      XL: |  1  2  3  4  5 |
---------------+----------------+-----
Fighting       | 4 5 6 |  6.5
Axes           | |  2.0
Armour         | |  3.2
Shields        | |  4.0

Action                   |  1- 3 |  4- 6 || total
-------------------------+-------+-------++-------
Melee: War axe           |    58 |    73 ||   131
  Use: Potion            |     2 |       ||     2
Armor: Scale mail        |    26 |       ||    26
       Plate armour      |       |    53 ||    53
Dodge: Dodged            |    24 |    21 ||    45
Block: Buckler           |    13 |    22 ||    35

Table legend: (Time is in decaauts)
 A = Elapsed time spent in this place.
 B = Non-inter-level travel time spent in this place.
 C = Inter-level travel time spent in this place.
 D = Time resting spent in this place.
 E = Time spent auto-exploring this place.
 F = Levels seen in this place.
 G = Mean time per level.
                   A        B        C        D        E       F      G
               +--------+--------+--------+--------+--------+-----+--------+
         Total |   1860 |   1828 |     32 |    163 |   1263 |   4 |  465.0 |
       Dungeon |   1860 |   1828 |     32 |    163 |   1263 |   4 |  465.0 |
               +--------+--------+--------+--------+--------+-----+--------+

Top non-repeatable levels by time:
     D:2: 682 daAuts
     D:1: 667 daAuts
     D:3: 509 daAuts
     D:4: 1 daAuts
